 Dungeon Crawl Stone Soup version 0.29-a0-422-gafbd6decc1 (webtiles) character file.

Game seed: 16956931260666542734

142 Snarg the Insei (level 5, 33/33 HPs)
             Began as an Octopode Transmuter on May 18, 2022.
             Was a Follower of Yredelemnul.
             Quit the game on level 3 of the Dungeon.
             The game lasted 00:09:50 (3551 turns).

Snarg the Insei (Octopode Transmuter)               Turns: 3551, Time: 00:09:51

Health: 33/33      AC:  1    Str: 11    XL:     5   Next: 25%
Magic:  8/8        EV: 28    Int: 15    God:    Yredelemnul [*.....]
Gold:   145        SH:  0    Dex: 13    Spells: 5/8 levels left

rFire   . . .      SeeInvis .     - Unarmed
rCold   . . .      Faith    .   (no shield)
rNeg    . . .      Spirit   .   (helmet restricted)
rPois   .          Reflect  .   j - amulet of the acrobat
rElec   .          Harm     .   (no ring)
rCorr   .          Rampage  .   (no ring)
Will    .....                   (no ring)
Stlth   +++.......              (no ring)
HPRegen 0.11/turn               (no ring)
MPRegen 0.11/turn               (no ring)
                                (no ring)
                                (no ring)

@: acrobatic
A: almost no armour, amphibious, 8 rings, camouflage 1, gelatinous body 1,
(nimble swimmer 1), tentacles
a: Renounce Religion, Recall Undead Harvest


You were on level 3 of the Dungeon.
You worshipped Yredelemnul.
Yredelemnul was noncommittal.
You visited 1 branch of the dungeon, and saw 3 of its levels.

You collected 145 gold pieces.

Inventory:

Hand Weapons
 b - a +3 hunting sling of flaming
 i - a +1 dagger of venom
 m - a +0 hunting sling of freezing
 q - the +8 mace "Jellybane" {flame, rElec rN+ MP-9 Dex+3}
   (You found it on level 3 of the Dungeon)

   It burns those it strikes, dealing additional fire damage.
   Dex:       It affects your dexterity (+3).
   rElec:     It insulates you from electricity.
   rN:        It protects you from negative energy.
   MP:        It affects your magic capacity (-9).
Missiles
 g - 5 poisoned darts
 h - 95 stones (quivered)
Jewellery
 d - a ring of flight
 j - an amulet of the acrobat (around mantle)
Scrolls
 c - 2 scrolls of identify
Potions
 a - a potion of lignification
 e - 2 potions of brilliance {unknown}
 f - 2 potions of might {unknown}
 k - a potion of ambrosia {unknown}
 l - a potion of haste {unknown}
 n - 4 potions of heal wounds
 o - 2 potions of attraction
 p - a potion of curing {unknown}


   Skills:
 + Level 1.3 Fighting
 + Level 0.3 Throwing
 + Level 2.5 Dodging
 + Level 3.2 Stealth
 + Level 4.0 Unarmed Combat
 - Level 2.0 Spellcasting
 + Level 3.1 Transmutations


You had 5 spell levels left.
You knew the following spells:

 Your Spells              Type           Power      Damage    Failure   Level
a - Beastly Appendage     Tmut           20%        N/A       6%          1
b - Wereblood             Tmut           10%        N/A       10%         2

Your spell library contained the following spells:

 Spells                   Type           Power      Damage    Failure   Level
 Slow                     Hex            4%         N/A       22%         1
 Spider Form              Tmut/Pois      6%         N/A       34%         3
 Confusing Touch          Hex            1%         N/A       54%         3
 Vampiric Draining        Necr           1%         2d6       54%         3
 Ice Form                 Ice/Tmut       6%         N/A       75%         4


Dungeon Overview and Level Annotations

Branches:
Dungeon (3/15)

Altars:
Hepliaklqana
Yredelemnul

Annotations:
D:1 clr
D:2 clr


Innate Abilities, Weirdness & Mutations

You cannot wear most types of armour.
You are amphibious.
You can wear up to eight rings at the same time.
Your skin changes colour to match your surroundings (Stealth+).
Your rubbery body absorbs attacks. (AC +1, EV +1)
((You are camouflaged when in or above water. (Stealth+)))
You have tentacles for arms and can constrict up to eight enemies at once.


Message History

You tentacle-slap the hobgoblin but do no damage.
Your tentacle spike misses the hobgoblin.
You squeeze the hobgoblin.
You kill the hobgoblin!
No target in view!
Your tentacle spike disappears.
n - 4 potions of heal wounds (gained 1)
You now have 145 gold pieces (gained 11).
You swap places.
You swap places.
You swap places.
Found a stone staircase leading down.
l - a brown potion You swap places.
You swap places.
You open the door.
You swap places.
You swap places.
You swap places.
You swap places.
Found a stone staircase leading up.
There is a stone staircase leading up here.
A bat comes into view.
A bat is nearby!
The bat hits you but does no damage. The bat barely misses you.
The bat misses you. The bat barely misses you.
You barely miss the bat. Your grab misses the bat. You squeeze the bat.
You kill the bat!
A black mist starts to gather...
No target in view!
Save game and exit?
Welcome back, Snarg the Octopode Transmuter.
Yredelemnul says: Carry the black torch!
Rouse the idle dead!
Press ? for a list of commands and other information.
Okay, then.
Unknown command.
You swap places.
Done exploring.
Done exploring.
Are you sure you want to abandon this character and quit the game? (Confirm with "yes".)

############# #..ZZ@......#
#Z#########.# #Z#.......#.#
#.#Z#####.#.# #Z#Z#...#.#.#
#.#Z#.#.#.#.# #########
#Z#Z#.#.#.#.#
........####Z#Z#'#.#.#.#
#######.#.<..#.Z...#.#.##########


You could see a friendly spectral endoplasm, a friendly bat zombie and a
friendly adder zombie.

Vanquished Creatures
  An iguana (D:3)
  4 adders
  2 dart slugs
  4 orcs (D:3)
  4 ball pythons
  5 bats
  9 endoplasms
  4 giant cockroaches
  5 goblins
  6 hobgoblins
  6 kobolds
  2 quokkas
  4 frilled lizards
  4 rats
60 creatures vanquished.

Vanquished Creatures (collateral kills)
  A dart slug (D:3)
  2 endoplasms (D:3)
  A kobold (D:3)
4 creatures vanquished.

Vanquished Creatures (others)
  A bat zombie (D:3)
  2 orc zombies (D:3)
3 creatures vanquished.

Grand Total: 67 creatures vanquished

Notes
Turn   | Place    | Note
-------+----------+-------------------------------------------
     0 | D:1      | Snarg the Octopode Transmuter began the quest for the Orb.
     0 | D:1      | Reached XP level 1. HP: 13/13 MP: 3/3
   185 | D:1      | Reached XP level 2. HP: 18/18 MP: 3/5
   198 | D:1      | Learned a level 2 spell: Wereblood
   541 | D:1      | Reached skill level 1 in Stealth
   607 | D:1      | Reached XP level 3. HP: 23/23 MP: 4/6
  1468 | D:2      | Reached XP level 4. HP: 28/28 MP: 4/7
  1723 | D:2      | Found a faded altar of an unknown god.
  1729 | D:2      | Prayed at the altar of an unknown god.
  1729 | D:2      | Became a worshipper of Yredelemnul the Dark
  1729 | D:2      | Reached * piety under Yredelemnul
  2077 | D:3      | Identified the +8 mace "Jellybane" {flame, rElec rN+ MP-9
                  | Dex+3}
  2826 | D:3      | Reached XP level 5. HP: 33/33 MP: 8/8
  3011 | D:3      | Found a hazy altar of Hepliaklqana.
  3056 | D:3      | Reached skill level 4 in Unarmed Combat
  3545 | D:3      | Upgraded the game from 0.29-a0-418-gc0181ea820 to
                  | 0.29-a0-422-gafbd6decc1
  3551 | D:3      | Quit the game

Illustrated notes

Levels and vault maps discovered:
D:1:      tarquinn_simple_flora_water_f, layout_loops_ring,
          nrook_mini_backslash, hangedman_abyss_or_decor_stabs
D:2:      layout_basic, ebering_ecumenical_altar_hall,
          corexii_item_surrounded_by_moat
D:3:      layout_basic, overflow_temple_1_default, chequers_mini_garden,
          minmay_misc_feat_rugged, minmay_misc_feat_room

Skill      XL: |  1  2  3  4  5 |
---------------+----------------+-----
Stealth        | 1 2 3 |  3.2
Transmutations | 3 |  3.1
Unarmed Combat | 4 |  4.0
Fighting       | |  1.3
Throwing       | |  0.3
Dodging        | |  2.5
Spellcasting   | |  2.0

Action                   |  1- 3 |  4- 6 || total
-------------------------+-------+-------++-------
Melee: Unarmed           |    59 |    30 ||    89
       Kick              |     9 |     2 ||    11
       Constrict         |    16 |     7 ||    23
       Tentacles         |    15 |     5 ||    20
       Punch             |     2 |     2 ||     4
 Fire: Hunting sling     |     6 |     9 ||    15
Throw: Stone             |    15 |     4 ||    19
       Dart              |       |     1 ||     1
 Cast: Beastly Appendage |    17 |     6 ||    23
       Wereblood         |     2 |     1 ||     3
Invok: Recall Undead Har |       |     2 ||     2
  Use: Scroll            |       |     5 ||     5
 Stab: Sleeping          |     7 |     8 ||    15
       Distracted        |     1 |       ||     1
Armor: Skin              |     4 |     2 ||     6
Dodge: Dodged            |    38 |    21 ||    59

Table legend: (Time is in decaauts)
 A = Elapsed time spent in this place.
 B = Non-inter-level travel time spent in this place.
 C = Inter-level travel time spent in this place.
 D = Time resting spent in this place.
 E = Time spent auto-exploring this place.
 F = Levels seen in this place.
 G = Mean time per level.
                   A        B        C        D        E       F      G
               +--------+--------+--------+--------+--------+-----+--------+
         Total |   3550 |   3380 |    170 |    372 |   2442 |   3 | 1183.3 |
       Dungeon |   3550 |   3380 |    170 |    372 |   2442 |   3 | 1183.3 |
               +--------+--------+--------+--------+--------+-----+--------+

Top non-repeatable levels by time:
     D:3: 1570 daAuts
     D:2: 1104 daAuts
     D:1: 876 daAuts
